 Dungeon Crawl Stone Soup version 0.26.0-15-gc6cd9f700b (webtiles) character file.

Game seed: 1271874100937346887

163 runemasterragnar the Skirmisher (level 5, -3/59 HPs)
             Began as an Ogre Monk on Jan 16, 2021.
             Slain by a sky beast (6 damage)
             ... on level 3 of the Dungeon.
             The game lasted 00:03:48 (3313 turns).

runemasterragnar the Skirmisher (Ogre Monk)         Turns: 3313, Time: 00:03:49

Health: -3/59      AC:  3    Str: 22    XL:     5   Next: 44%
Magic:  5/5        EV: 11    Int: 11    God:
Gold:   107        SH:  0    Dex: 17    Spells: 4/4 levels left

rFire    . . .     SeeInvis .   a - +0 hand axe
rCold    . . .     Faith    .   (no shield)
rNeg     . . .     Spirit   .   b - +0 robe
rPois    .         Reflect  .   (helmet restricted)
rElec    .         Harm     .   (no cloak)
rCorr    .         Rampage  .   (gloves unavailable)
Will     .....                  (boots unavailable)
Stlth    ++........             e - amulet of regeneration
HPRegen  0.59/turn              j - +6 ring of strength
MPRegen  0.09/turn              n - +6 ring of dexterity

@: no status effects
A: large, unfitting armour, tough skin 1
a: no special abilities


You were on level 3 of the Dungeon.
You visited 1 branch of the dungeon, and saw 3 of its levels.

You collected 107 gold pieces.

Inventory:

Hand Weapons
 a - a +0 hand axe (weapon)
Missiles
 i - 18 poisoned darts (quivered)
 l - 5 atropa-tipped darts
 m - 8 boomerangs
 p - 3 large rocks
Armour
 b - a +0 robe (worn)
Jewellery
 e - an amulet of regeneration (around neck)
 j - a +6 ring of strength (left hand)
 n - a +6 ring of dexterity (right hand)
Wands
 g - a wand of paralysis (5)
Scrolls
 c - 6 scrolls of identify
 d - a scroll of amnesia
 f - 3 scrolls of remove curse {unknown}
 h - 2 scrolls of fear {unknown}
 k - a scroll of fog {unknown}
 o - a scroll of immolation {unknown}


   Skills:
 * Level 6.1 Fighting
 + Level 3.7 Axes
 + Level 1.5 Throwing
 + Level 3.4 Dodging
 - Level 1.4 Stealth


You had 4 spell levels left.
You didn't know any spells.
Your spell library was empty.

Dungeon Overview and Level Annotations

Branches:
Dungeon (3/15)

Altars:

Annotations:
D:2 1 runed translucent door, Crazy Yiuf


Innate Abilities, Weirdness & Mutations

You are too large for most types of armour.
You have tough skin. (AC +1)


Message History

Throw: 19 darts (poison)
Press: ? - help, Q - select action, (/) - cycle Shift-Dir - straight line, f - sky beast
Aim: a sky beast You throw a poisoned dart.
The poisoned dart misses the sky beast.
The sky beast flickers out of sight!
Deactivating autopickup; reactivate with Ctrl-A.
Something hits you.
* * * LOW HITPOINT WARNING * * *
Something shocks you.
* * * LOW HITPOINT WARNING * * *
You aren't carrying any potions.
A sky beast appears from thin air!
Reactivating autopickup.
As you read the scroll labelled RAN PIC POWUAPS, it crumbles to dust.
It is a scroll of identify.
d - a scroll of amnesia The sky beast hits you.
* * * LOW HITPOINT WARNING * * *
The sky beast shocks you.
You die...

##....# #...#.......# ..##..#
#####........##.##.
...)#.####..........>......B###
..†...................##.##...
.#...#####............##... .
.##.## ###.#........##.# .#
.##.# #.#...#.......##.# ###.#
#.#...#.#####†...# #.#
#..>.@..# ##..###.# ###.#
#.....Y.####.......# ....#
#.##.##§...........# ##### #
#.....###...##.##
..........##........
..........(#..###.#.#
...........#..# #..
..#....<[..#...
..............##


You could see a sky beast.

Vanquished Creatures
  Robin (D:2)
  7 adders
  2 oozes
  2 worms (D:2)
  2 dart slugs
  A leopard gecko (D:3)
  4 bats
  2 giant cockroaches
  13 goblins
  7 hobgoblins
  6 jackals
  5 quokkas
  A ball python (D:1)
  3 frilled lizards
  4 kobolds (D:1)
  5 rats
65 creatures vanquished.

Notes
Turn   | Place    | Note
-------+----------+-------------------------------------------
     0 | D:1      | runemasterragnar the Ogre Monk began the quest for the Orb.
     0 | D:1      | Reached XP level 1. HP: 24/24 MP: 1/1
   189 | D:1      | Reached XP level 2. HP: 23/33 MP: 2/2
   610 | D:1      | Reached XP level 3. HP: 41/41 MP: 3/3
  1007 | D:2      | Reached skill level 5 in Fighting
  1708 | D:2      | Reached XP level 4. HP: 38/50 MP: 4/4
  2054 | D:2      | Noticed Robin
  2071 | D:2      | Reached skill level 1 in Throwing
  2079 | D:2      | Killed Robin
  2427 | D:2      | Reached XP level 5. HP: 57/59 MP: 5/5
  2493 | D:2      | Found a runed translucent door.
  2494 | D:2      | Noticed Crazy Yiuf
  2982 | D:3      | Paralysed by a goblin for 3 turns
  2992 | D:3      | Paralysed by a goblin for 3 turns
  3001 | D:3      | Reached skill level 6 in Fighting
  3172 | D:3      | Found a faded altar of an unknown god.
  3294 | D:3      | Noticed a sky beast
  3313 | D:3      | Slain by a sky beast

Illustrated notes

Levels and vault maps discovered:
D:1:      dpeg_arrival_stone_temple_mockup, layout_loops_cross
D:2:      layout_rooms, uniq_crazy_yiuf_cottage, uniq_robin
D:3:      layout_loops_cross, chequers_ecumenical_altar_simple_redux

Skill      XL: |  1  2  3  4  5 |
---------------+----------------+-----
Dodging        | 3 |  3.4
Fighting       | 5 6 |  6.1
Throwing       | 1 |  1.5
Axes           | |  3.7
Stealth        | |  1.4

Action                   |  1- 3 |  4- 6 || total
-------------------------+-------+-------++-------
Melee: Hand axe          |   121 |   111 ||   232
Throw: Dart              |    18 |     7 ||    25
  Use: Potion            |     2 |     2 ||     4
       Scroll            |       |     1 ||     1
 Stab: Sleeping          |     2 |     2 ||     4
       Invisible         |     1 |       ||     1
Armor: Robe              |    34 |    44 ||    78
Dodge: Dodged            |    80 |   100 ||   180
